 Dungeon Crawl Stone Soup version 0.16.1-11-g651b585 (webtiles) character file.

20 Magnus the Vexing (level 2, -4/19 HPs)
             Began as a Demonspawn Enchanter on Apr 1, 2015.
             Slain by a kobold
             ... wielding a +0 short sword
              (7 damage)
             ... on level 1 of the Dungeon.
             The game lasted 00:04:23 (1004 turns).

Magnus the Vexing (Demonspawn Enchanter)            Turns: 1004, Time: 00:04:24

Health: -4/19      AC:  3    Str:  8    XL:     2   Next: 58%
Magic:  5/5        EV: 12    Int: 16    God:
Gold:   44         SH:  0    Dex: 13    Spells: 1 memorised, 4 levels left

rFire  . . .     SeeInvis .     a - +1 dagger
rCold  + . .     Clarity  .     b - +1 robe
rNeg   . . .     SustAb   .     (no shield)
rPois  .         Gourm    .     (no helmet)
rElec  .         Spirit   .     (no cloak)
rCorr  .         Warding  .     (no gloves)
rMut   .         Stasis   .     (no boots)
MR     .....                    (no amulet)
Stlth  ++........               (no ring)
                                (no ring)

@: not resistant to hostile enchantments, unstealthy
A: cold resistance 1
a: no special abilities


You were on level 1 of the Dungeon.
You were not hungry.

You visited 1 branch of the dungeon, and saw 1 of its levels.

You collected 44 gold pieces.

Inventory:

Hand weapons
 a - a +1 dagger (weapon)
Armour
 b - a +1 robe (worn)
Scrolls
 i - 2 scrolls of identify {unknown}
 j - a scroll of teleportation {unknown}
Potions
 e - a potion of cure mutation {unknown}
 f - 2 potions of curing {unknown}
 k - a potion of invisibility {unknown}
Books
 c - a book of Maledictions

   Spells                             Type                      Level
   a - Corona                         Hexes                        1
   b - Sure Blade                     Hexes/Charms                 2
   c - Ensorcelled Hibernation        Hexes/Ice                    2
   d - Confuse                        Hexes                        3
   e - Dazzling Spray                 Conjuration/Hexes            3
   f - Enslavement                    Hexes                        4
Comestibles
 d - 3 bread rations
 g - a meat ration
 h - 2 chunks of flesh


   Skills:
 + Level 1.2 Short Blades
 + Level 1.9 Dodging
 + Level 3.0 Stealth
 + Level 2.3 Spellcasting
 + Level 3.1 Hexes


You had 4 spell levels left.
You knew the following spells:

 Your Spells              Type           Power        Failure   Level  Hunger
a - Corona                Hex            ##.....      8%          1    #......


Dungeon Overview and Level Annotations

Branches:
Dungeon (1/15)

Altars:


Innate Abilities, Weirdness & Mutations

Your flesh is cold resistant.


Message History

Found a stone staircase leading down.
The kobold shouts!
The kobold throws a stone.
The stone hits you. The bat completely misses you.
You closely miss the bat. The bat closely misses you.
The kobold throws a stone.
The stone misses you. The bat hits you but does no damage.
The kobold throws a stone.
The stone hits you.
You see here a stone.
The bat hits you.
The kobold throws a stone.
The stone hits you.
You see here a stone.
The bat barely misses you.
You hit the kobold but do no damage. The kobold hits you with a short sword.
The bat closely misses you.
You hit the kobold but do no damage. The bat hits you but does no damage.
The bat misses you. The kobold hits you with a short sword.
* * * LOW HITPOINT WARNING * * *
You hit the kobold but do no damage. The bat hits you but does no damage.
The kobold hits you with a short sword!
You die...

..............#....#.............
#...........###....##+###+###'###
#.............#.(..# #..P#.
..............#....# #.<.#.
..............#....## ######
..............#.....#
.......#......#.(...#####
..............#.(........
..............#.@..b.....
.........##.#...K..$.....
.........# .##...........
.........# .##..........
.........##.##?.........
........................
...............>.......
.............(#.......
#####....##+###......


You could see a bat and a kobold.

Vanquished Creatures
  A giant gecko (D:1)
  A bat (D:1)
  2 giant cockroaches (D:1)
  3 hobgoblins (D:1)
  2 jackals (D:1)
  3 kobolds (D:1)
  3 goblins (D:1)
  A rat (D:1)
16 creatures vanquished.

Notes
Turn   | Place    | Note
--------------------------------------------------------------
     0 | D:1      | Magnus, the Demonspawn Enchanter, began the quest for the Orb.
     0 | D:1      | Reached XP level 1. HP: 13/13 MP: 3/3
   359 | D:1      | Reached skill level 1 in Short Blades
   470 | D:1      | Gained mutation: Your flesh is cold resistant. [demonic ancestry]
   470 | D:1      | Reached XP level 2. HP: 19/19 MP: 4/4
  1004 | D:1      | Slain by a kobold

Action                   || total
-------------------------++-------
Melee: Dagger            ||    83
 Stab: Sleeping          ||     1
